 Dungeon Crawl Stone Soup version 0.32-a0-132-g2d33c3cfaf (webtiles) character file.

Game seed: 14172949688552076975

5495 Dittersdorf the Fighter (level 10, -1/66 HPs)
             Began as a Gargoyle Fighter on Feb 9, 2024.
             Slain by a red devil
             ... wielding a +0 trident
             ... summoned by an obsidian statue
              (6 damage)
             ... on level 9 of the Dungeon.
             The game lasted 00:10:50 (6731 turns).

Dittersdorf the Fighter (Gargoyle Fighter)          Turns: 6731, Time: 00:10:51

Health: -1/66      AC: 22    Str: 25    XL:     10   Next: 69%
Magic:  10/10      EV:  8    Int:  8    God:
Gold:   150        SH: 11    Dex: 15    Spells: 9/9 levels left

rFire   + . .        c - +6 morningstar "Tozem" {spect, rCorr}
rCold   x . .        p - +0 kite shield
rNeg    + + .        g - +4 chain mail
rPois   ∞            (no helmet)
rElec   +            r - +2 cloak
rCorr   +            (no gloves)
SInv    .            (no boots)
Will    .....        e - amulet of regeneration Stlth
                     f - +6 ring of dexterity
HPRegen 1.11/turn    o - ring "Itoytt" {Fire rN+}
MPRegen 0.12/turn

%: no passive effects
@: corroded, mesmerised
A: sickness immunity, AC +7, negative energy resistance 1, electricity
resistance, torment resistance 1, petrification resistance, shaggy fur 1
a: no special abilities


You were on level 9 of the Dungeon.
You visited 2 branches of the dungeon, and saw 10 of its levels.

You collected 486 gold pieces.
You spent 336 gold pieces at shops.

Inventory:

Hand Weapons
 c - the +6 morningstar "Tozem" (weapon) {spect, rCorr}
   (You bought it in a shop on level 9 of the Dungeon)

   rCorr:     It protects you from acid and corrosion.
 t - a +0 morningstar of draining
Missiles
 u - a throwing net
Armour
 g - a +4 chain mail (worn)
 p - a +0 kite shield (worn)
 r - a +2 cloak (worn)
Jewellery
 b - a ring of protection from cold
 e - an amulet of regeneration (around neck)
 f - a +6 ring of dexterity (left hand)
 o - the ring "Itoytt" (right hand) {Fire rN+}
   (You found it on level 9 of the Dungeon)

   [ring of fire]

   Fire:      It enhances your fire magic.
   rF+:       It protects you from fire.
   rC-:       It makes you vulnerable to cold.
   rN+:       It protects you from negative energy.
 s - a ring of ice
Wands
 a - a wand of acid (11) (quivered)
Scrolls
 i - a scroll of teleportation
 q - 3 scrolls of enchant armour
Potions
 d - 3 potions of might
 h - 2 potions of heal wounds {unknown}
 j - a potion of magic {unknown}
 k - 3 potions of brilliance
 l - a potion of ambrosia
 m - 3 potions of enlightenment
 n - 3 potions of curing
 z - a potion of cancellation


   Skills:
 + Level 9.3 Fighting
 + Level 8.1 Maces & Flails
 + Level 9.2 Armour
 + Level 9.2 Shields


You had 9 spell levels left.
You didn't know any spells.
Your spell library contained the following spells:

 Spells                   Type           Power      Damage    Failure   Level
 Mercury Vapours          Alch/Air       0%         N/A       99%         2
 Mephitic Cloud           Conj/Alch/Air  0%         N/A       100%        3
 Ignite Poison            Fire/Alch      0%         N/A       100%        4
 Fireball                 Conj/Fire      0%         3d3       100%        5
 Freezing Cloud           Conj/Ice/Air   0%         6-21      100%        5
 Bombard                  Conj/Erth      0%         9d1       100%        6
 Spellforged Servitor     Conj/Summ      0%         N/A       100%        7
 Cigotuvi's Dreadful Rot  Necr/Alch/Air  Unusable   N/A       N/A         2

Dungeon Overview and Level Annotations

Branches:
Dungeon (9/15)             Temple (1/1) D:7
   Lair: D:8-11         Orc: D:9-12

Altars:
Ashenzari
Cheibriados
Dithmenos
Elyvilon
Fedhas
Kikubaaqudgha
Makhleb
Nemelex Xobeh
Okawaru
Qazlal
Ru
Sif Muna
Trog
Uskayaw
Vehumet
Wu Jian
Xom
Yredelemnul
Zin
The Shining One

Shops:
D:6 *   D:9 :(**

Annotations:
D:9 exclusion: obsidian statue


Innate Abilities, Weirdness & Mutations

You are immune to sickness and miasma.
Your stone body is resilient. (AC +7)
You are immune to poison.
You resist negative energy. (rN+)
You are resistant to electric shocks. (rElec)
You are resistant to unholy torment.
You are immune to petrification.
You are covered in fur. (AC +1)


Message History

You barely miss the shadow imp.
Your +6 morningstar "Tozem" {spect, rCorr} hits the shadow imp but does no damage.
The ufetubus hits you but does no damage.
You block the ufetubus's attack.
The obsidian statue's eyes glow briefly.
You block the sun demon's attack.
The shadow imp hits you but does no damage.
The white imp hits your +6 morningstar "Tozem" {spect, rCorr} but does no damage.
The ufetubus hits you but does no damage. x2
The red devil barely misses you.
You sock the shadow imp!
You kill the shadow imp!
The shadow imp disappears in a puff of smoke!
Your +6 morningstar "Tozem" {spect, rCorr} disappears.
The sun demon disappears in a puff of smoke!
The ufetubus hits you but does no damage.
You block the ufetubus's attack.
The red devil hits you but does no damage.
You block the rust devil's attack.
The ufetubus hits you but does no damage.
You block the ufetubus's attack.
You closely miss the white imp.
Your +6 morningstar "Tozem" {spect, rCorr} hits the white imp!
The white imp completely misses your +6 morningstar "Tozem" {spect, rCorr}.
You block the ufetubus's attack. x2; You block the red devil's attack.
The rust devil hits you. The chaos spawn tentacle-slaps you.
* * * LOW HITPOINT WARNING * * *
You are engulfed in flames.
You resist.
* * * LOW HITPOINT WARNING * * *
The obsidian statue slips into the dungeon's darkness for a moment.
The obsidian statue's eyes glow briefly.
The obsidian statue draws you further into its thrall.
You bludgeon the white imp!!
You kill the white imp!
The white imp disappears in a puff of smoke!
Your +6 morningstar "Tozem" {spect, rCorr} disappears.
The ufetubus hits you but does no damage.
You block the ufetubus's attack.
The red devil hits you from afar with a +0 trident.
You die...

###........#....#...
# ########.#.##.#.##
##########.........#
........####.#####.#
#.#####.###........#
##.# ...#ß#ß#..#
#.## #..#ß...ß#.#
.## ...ß..).4ß.# ##
..#.$I§@5.# #
..ß..[.4ß.# ####
..#ß..4ß#.# .≈≈≈
...#ß.ß#..# ≈§≈#
....... .## ≈≈..
#...... ## ≈≈§#
####### .§≈≈ ####


You could see an obsidian statue (mesmerising), a rust devil (summoned), a red
devil (summoned), a chaos spawn (summoned) and an ufetubus (summoned).

Vanquished Creatures
  An ugly thing (D:9)
  Joseph (D:8)
  Prince Ribbit (D:8)
  A wyvern (D:9)
  5 yaks (D:9)
  3 steam dragons
  Edmund (D:4)
  An acid dragon (D:7)
  An orc warrior (D:7)
  An ice beast (D:7)
  2 black bears
  A sky beast (D:8)
  2 ogres (D:5)
  A phantom (D:4)
  2 centaurs
  A kobold brigand (D:9)
  2 gnoll sergeants (D:8)
  3 bullfrogs
  A scorpion (D:5)
  13 wights (D:8)
  5 killer bees
  A howler monkey (D:4)
  Crazy Yiuf (D:7)
  8 hounds
  A bombardier beetle (D:7)
  A gnoll bouda (D:8)
  2 jellies
  2 sleepcaps
  An iguana (D:4)
  Ijyb (D:3)
  Terence (D:3)
  19 gnolls
  7 adders
  4 shadow imps
  2 ufetubi (D:4)
  A ribbon worm (D:2)
  4 dart slugs
  10 orcs
  5 endoplasms
  A giant cockroach (D:1)
  8 goblins
  6 hobgoblins
  4 jackals (D:1)
  5 quokkas
  6 ball pythons
  3 bats
  5 frilled lizards
  18 kobolds
  5 rats
181 creatures vanquished.

Vanquished Creatures (others)
  A frilled lizard (D:3)
1 creature vanquished.

Grand Total: 182 creatures vanquished

Notes
Turn   | Place    | Note
-------+----------+-------------------------------------------
     0 | D:1      | Dittersdorf the Gargoyle Fighter began the quest for the
                  | Orb.
     0 | D:1      | Reached XP level 1. HP: 14/14 MP: 1/1
    85 | D:1      | Reached XP level 2. HP: 19/19 MP: 2/2
   672 | D:1      | Reached XP level 3. HP: 23/23 MP: 3/3
  1026 | D:1      | Reached XP level 4. HP: 29/29 MP: 4/4
  1469 | D:3      | Noticed Terence
  1473 | D:3      | Killed Terence
  1474 | D:3      | Reached XP level 5. HP: 33/33 MP: 5/5
  1559 | D:3      | Found a blossoming altar of Fedhas.
  1659 | D:3      | Noticed Ijyb
  1669 | D:3      | Killed Ijyb
  2268 | D:4      | Reached XP level 6. HP: 39/39 MP: 6/6
  2280 | D:4      | Noticed Edmund
  2295 | D:4      | Killed Edmund
  2317 | D:4      | Noticed a steam dragon
  2341 | D:4      | Noticed a black bear
  2347 | D:4      | Killed a black bear
  2348 | D:4      | Reached skill level 5 in Fighting
  2348 | D:4      | Reached skill level 5 in Armour
  2348 | D:4      | Reached skill level 5 in Shields
  2348 | D:4      | Reached XP level 7. HP: 41/44 MP: 7/7
  2379 | D:4      | Killed a steam dragon
  3177 | D:5      | Entered Level 5 of the Dungeon
  3238 | D:5      | Reached XP level 8. HP: 47/51 MP: 8/8
  3298 | D:5      | Reached skill level 5 in Maces & Flails
  3835 | D:6      | Found Jeufe's Assorted Antiques.
  3851 | D:6      | Bought a glowing cloak for 165 gold pieces
  4315 | D:7      | Found an iron altar of Okawaru.
  4349 | D:7      | Reached XP level 9. HP: 46/57 MP: 9/9
  4597 | D:7      | Found a staircase to the Ecumenical Temple.
  4618 | Temple   | Entered the Ecumenical Temple
  4844 | D:7      | Found a runed translucent door.
  4845 | D:7      | Noticed Crazy Yiuf
  4851 | D:7      | Killed Crazy Yiuf
  4939 | D:8      | Noticed Prince Ribbit
  4948 | D:8      | Killed Prince Ribbit
  4966 | D:8      | Found a stormy altar of Qazlal.
  5220 | D:8      | Noticed Joseph
  5340 | D:8      | Killed Joseph
  5347 | D:8      | Reached XP level 10. HP: 50/64 MP: 10/10
  5536 | D:8      | Identified the +1 leather armour of Losu {+Blink}
  6100 | D:9      | Got the Collected Works on Arcane Combat
  6161 | D:9      | Found Ezaass's Assorted Antiques.
  6167 | D:9      | Found Qeuleq's Assorted Antiques.
  6168 | D:9      | Found Saex's Book Emporium.
  6168 | D:9      | Found Cutsiq's Antique Weapon Shoppe.
  6191 | D:9      | Bought a masterwork morningstar for 171 gold pieces
  6191 | D:9      | Identified the +6 morningstar "Tozem" {spect, rCorr} (You
                  | bought it in a shop on level 9 of the Dungeon)
  6252 | D:9      | Found a sacrificial altar of Ru.
  6305 | D:9      | Noticed a white ugly thing
  6313 | D:9      | Killed a white ugly thing
  6365 | D:9      | Found an ornate altar of the Wu Jian Council.
  6425 | D:9      | Identified the ring "Itoytt" {Fire rN+}
  6686 | D:9      | Noticed an obsidian statue
  6690 | D:9      | Noticed a sun demon
  6701 | D:9      | Noticed a soul eater
  6705 | D:9      | Gained mutation: You are covered in fur. (AC +1) [a
                  | neqoxec]
  6714 | D:9      | Noticed a rust devil
  6714 | D:9      | Noticed a sun demon
  6729 | D:9      | Noticed a rust devil
  6731 | D:9      | Slain by a red devil

Illustrated notes

Levels and vault maps discovered:
D:1:      dpeg_arrival_tiny_a, layout_loops_ring, nicolae_hexahallways,
          amcnicky_mini_pool_small, corexii_item_surrounded_by_moat,
          hangedman_decor_opposing, serial_park_tiny_1
D:2:      layout_rooms, serial_aquarium, aquarium_bridge_square
          [aquarium_subvault_bridge, aquarium_subvault_window,
          aquarium_subvault_bridge, aquarium_subvault_bridge],
          aquarium_window_fake, aquarium_window_double, aquarium_view_2d,
          aquarium_pool_split
D:3:      layout_basic, mainiacjoe_overflow_paths, roderic_roman_lattice,
          minmay_misc_feat_tower, uniq_ijyb, uniq_terence
D:4:      minmay_clustersquares, layout_gridville, uniq_edmund
D:5:      layout_rooms
D:6:      layout_basic, serial_shops, nicolae_shop_peninsula
D:7:      layout_rooms, okawaru_altar_gauntlet_db,
          minmay_temple_entry_junction_2, kennysheep_cluttered_room,
          uniq_crazy_yiuf_cottage
D:8:      layout_basic, lemuel_round_altar, grunt_tough_drop, uniq_joseph,
          uniq_prince_ribbit1
D:9:      layout_loops_cross, nicolae_wu_jian_glorious_leap,
          nicolae_overflow_crystal_walls, serial_library_hellmonk_layered_room,
          nicolae_shop_national_dungeon_mall, minmay_statue_bubble
Temple:   hellmonk_temple_two_chambers

Skill      XL: |  1  2  3  4  5  6  7  8  9 10 |
---------------+-------------------------------+-----
Fighting       | 4 5 7 8 9 |  9.3
Armour         | 4 5 6 8 9 |  9.2
Shields        | 4 5 6 8 9 |  9.2
Maces & Flails | 3 4 5 7 8 |  8.1

Action                     |  1- 3 |  4- 6 |  7- 9 | 10-12 || total
---------------------------+-------+-------+-------+-------++-------
  Melee: Flail             |    93 |    63 |   365 |   112 ||   633
         Morningstar       |       |    67 |       |    54 ||   121
    Use: Scroll            |       |       |    16 |     1 ||    17
 Armour: Scale mail        |     6 |       |       |       ||     6
         Chain mail        |    67 |   123 |   320 |   128 ||   638
  Dodge: Dodged            |    35 |    55 |   156 |    55 ||   301
  Block: Buckler           |    22 |    35 |    42 |       ||    99
         Kite shield       |       |       |   194 |   131 ||   325

Table legend: (Time is in decaauts)
 A = Elapsed time spent in this place.
 B = Non-inter-level travel time spent in this place.
 C = Inter-level travel time spent in this place.
 D = Time resting spent in this place.
 E = Time spent auto-exploring this place.
 F = Levels seen in this place.
 G = Mean time per level.
                   A        B        C        D        E       F      G
               +--------+--------+--------+--------+--------+-----+--------+
         Total |   6887 |   6397 |    490 |     53 |   4547 |  10 |  688.7 |
       Dungeon |   6885 |   6395 |    490 |     53 |   4547 |   9 |  765.0 |
        Temple |      1 |      1 |      0 |      0 |      0 |   1 |    1.0 |
               +--------+--------+--------+--------+--------+-----+--------+

Top non-repeatable levels by time:
     D:8: 1088 daAuts
     D:4: 972 daAuts
     D:1: 952 daAuts
     D:3: 817 daAuts
     D:9: 772 daAuts
     D:6: 673 daAuts
     D:7: 645 daAuts
     D:2: 538 daAuts
     D:5: 425 daAuts
  Temple: 1 daAuts
